 Dungeon Crawl Stone Soup version 0.20.1-4-g4af34eaf8e (webtiles) character file.

134 Alfie the Shooter (level 4, -4/40 HPs)
             Began as a Minotaur Hunter on Mar 10, 2020.
             Slain by Terence
             ... wielding a +0 hand axe of electrocution
              (18 damage)
             ... on level 2 of the Dungeon.
             The game lasted 00:04:40 (1477 turns).

Alfie the Shooter (Minotaur Hunter)                 Turns: 1477, Time: 00:04:41

Health: -4/40      AC:  3    Str: 17    XL:     4   Next: 95%
Magic:  3/3        EV: 12    Int:  8    God:
Gold:   63         SH:  0    Dex: 11    Spells: 3/3 levels left

rFire    . . .     SeeInvis .   b - +0 short sword
rCold    . . .     Gourm    .   (no shield)
rNeg     . . .     Faith    .   c - +0 leather armour
rPois    .         Spirit   .   (helmet restricted)
rElec    .         Reflect  .   (no cloak)
rCorr    .         Harm     .   (no gloves)
MR       .....                  (no boots)
Stlth    +.........             (no amulet)
Regen    0.2/turn               (no ring)
MPRegen  0.1/turn               (no ring)

@: no status effects
A: retaliatory headbutt, horns 2
a: no special abilities


You were on level 2 of the Dungeon.
You were not hungry.

You visited 1 branch of the dungeon, and saw 2 of its levels.

You collected 63 gold pieces.

Inventory:

Hand Weapons
 a - a +1 shortbow
 b - a +0 short sword (weapon)
Missiles
 d - 10 arrows
Armour
 c - a +0 leather armour (worn)
Jewellery
 l - a cursed amulet of inaccuracy {unknown}
Scrolls
 e - 2 scrolls of identify {unknown}
 h - 2 scrolls of immolation {unknown}
 i - a scroll of teleportation {unknown}
 n - a scroll of enchant weapon {unknown}
 o - a scroll of amnesia {unknown}
Potions
 g - a potion of brilliance {unknown}
 j - a potion of ambrosia {unknown}
 k - a potion of berserk rage {unknown}
 m - 2 potions of degeneration {unknown}
Comestibles
 p - 2 meat rations


   Skills:
 + Level 3.7 Fighting
 + Level 6.1 Bows
 + Level 1.0 Armour
 + Level 2.1 Dodging
 + Level 1.1 Stealth


You had 3 spell levels left.
You didn't know any spells.

Dungeon Overview and Level Annotations

Branches:
Dungeon (2/15)

Altars:
Dithmenos

Annotations:
D:2 Terence


Innate Abilities, Weirdness & Mutations

You reflexively headbutt those who attack you in melee.
You have a pair of horns on your head.


Message History

Terence is heavily wounded.
Terence hits you but does no damage.
You barely miss Terence.
Terence is heavily wounded.
Terence hits you with a hand axe of electrocution.
You are electrocuted!
You hit Terence.
Terence is heavily wounded.
Terence drinks a potion.
Terence is healed!
You hit Terence but do no damage.
Terence is moderately wounded.
Terence hits you with a hand axe of electrocution.
You hit Terence but do no damage. Your headbutt misses Terence.
Terence is moderately wounded.
Terence completely misses you.
You hit Terence but do no damage.
Terence is moderately wounded.
Terence hits you with a hand axe of electrocution.
You are electrocuted!
You die...

#.............#
#...........#.#
#...........#.#
#...........#.#
#.####.######.# #.#
#........####
#.####..#...#....#
#......###.....#.#
#..##..###..##[#@#
#..###..#..###.#@#
#...##.....##..#.#
)......).........#
..##.........##..#
.####..._...####.#
..##.........##..#
.................#####
#...##.....##........#


You could see Terence.

Vanquished Creatures
  Natasha (thrice) (D:2)
  2 adders (D:2)
  A worm (D:2)
  2 dart slugs (D:2)
  A leopard gecko (D:1)
  A giant cockroach (D:1)
  9 goblins
  6 hobgoblins
  A quokka (D:2)
  5 bats
  6 frilled lizards
  A kobold (D:1)
  2 rats (D:1)
40 creatures vanquished.

Notes
Turn   | Place    | Note
-------+----------+-------------------------------------------
     0 | D:1      | Alfie the Minotaur Hunter began the quest for the Orb.
     0 | D:1      | Reached XP level 1. HP: 18/18 MP: 0/0
    81 | D:1      | Reached XP level 2. HP: 24/25 MP: 1/1
   124 | D:1      | Reached skill level 5 in Bows
   578 | D:2      | Reached XP level 3. HP: 28/31 MP: 2/2
   628 | D:2      | Reached skill level 1 in Stealth
   732 | D:2      | Found a shadowy altar of Dithmenos.
   765 | D:2      | Noticed Terence
  1156 | D:2      | Noticed Natasha
  1165 | D:2      | Killed Natasha
  1165 | D:2      | Reached XP level 4. HP: 25/38 MP: 3/3
  1276 | D:2      | Noticed Natasha
  1286 | D:2      | Killed Natasha
  1286 | D:2      | Reached skill level 1 in Armour
  1381 | D:2      | Noticed Natasha
  1385 | D:2      | Killed Natasha
  1385 | D:2      | Reached skill level 6 in Bows
  1477 | D:2      | Slain by Terence

Skill      XL: |  1  2  3  4 |
---------------+-------------+-----
Bows           | 5 6 |  6.1
Fighting       | 3 |  3.7
Stealth        | 1 |  1.1
Armour         | 1 |  1.0
Dodging        | |  2.1

Action                   |  1- 3 |  4- 6 || total
-------------------------+-------+-------++-------
Melee: Short sword       |    16 |     7 ||    23
       Headbutt          |       |     1 ||     1
 Fire: Shortbow          |    83 |    17 ||   100
  Eat: Fruit             |     1 |       ||     1
       Bread ration      |       |     1 ||     1
Armor: Leather armour    |     9 |     1 ||    10
Dodge: Dodged            |    21 |     5 ||    26
